 Dungeon Crawl Stone Soup version 0.30-a0-1016-gfb0d676c02 (webtiles) character file.

Game seed: 3584867252665563262

165548 OrthodoxDeviant the Warrior (level 17, -17/232 HPs)
             Began as a Demonspawn Berserker on Apr 4, 2023.
             Was a High Priest of Trog.
             Demolished by Arachne
             ... wielding a staff of poison
              (24 damage)
             ... on level 3 of the Spider Nest on Apr 6, 2023.
             The game lasted 02:16:33 (35433 turns).

OrthodoxDeviant the Warrior (Demonspawn Berserker) Turns: 35433, Time: 02:16:34

Health: -17/232    AC: 14    Str: 23    XL:     17   Next: 28%
Magic:  1/17       EV: 22    Int: 15    God:    Trog [*****.]
Gold:   2205       SH:  0    Dex: 13    Spells: 16/16 levels left

rFire   . . .      SeeInvis .    Q - +6 executioner's axe (flame)
rCold   . . .      Faith    .    (shield currently unavailable)
rNeg    . . .      Spirit   .    C - +2 leather armour {Will+}
rPois   .          Reflect  .    G - +0 helmet
rElec   .          Rampage  .    k - +1 cloak
rCorr   .                        (gloves unavailable)
Will    ++...                    O - +2 pair of boots {Stlth+} Stlth
                                 U - amulet of regeneration
HPRegen 1.38/turn                d - +5 ring of evasion
MPRegen 0.15/turn                c - +5 ring of evasion

@: berserking, lethally poisoned (-17 -> -18), very quick
A: demonic guardian 3, foul stench 3, big brain 2, demonic touch 3
a: Renounce Religion, Berserk, Trog's Hand, Brothers in Arms


You were on level 3 of the Spider Nest.
You worshipped Trog.
Trog was extremely pleased with you.
You visited 5 branches of the dungeon, and saw 29 of its levels.
You also visited: Ossuary and Ice Cave.

You collected 3538 gold pieces.
You spent 1333 gold pieces at shops.

Inventory:

Hand Weapons
 e - the +2 battleaxe "Doicymp" {heavy, rC+ rCorr Stlth+}
   (Trog gifted it to you on level 3 of the Lair of Beasts)

   rC:        It protects you from cold.
   rCorr:     It protects you from acid and corrosion.
   Stlth:     It makes you more stealthy.
 F - the +5 longbow of the Crypt {drain, rC- Will+++ Dex+4}
   (You bought it in a shop on level 1 of the Orcish Mines)

   Dex:       It affects your dexterity (+4).
   rC:        It makes you vulnerable to cold.
   Will:      It greatly increases your willpower.
 Q - a +6 executioner's axe of flaming (weapon)
 V - a +5 heavy battleaxe
Missiles
 f - 14 boomerangs
 p - 3 silver javelins
 q - 4 throwing nets
 D - 3 silver boomerangs (quivered)
Armour
 k - a +1 cloak (worn)
 n - a scarf of repulsion
 y - a +1 plate armour of fire resistance
 C - a +2 leather armour of willpower (worn)
 G - a +0 helmet (worn)
 K - +0 swamp dragon scales
 L - a +1 chain mail of cold resistance
 O - a +2 pair of boots of stealth (worn)
 R - the +8 chain mail of the Shrike {rCorr Dex+4}
   (You found it on level 10 of the Dungeon)

   Dex:       It affects your dexterity (+4).
   rCorr:     It protects you from acid and corrosion.
Jewellery
 c - a +5 ring of evasion (right hand)
 d - a +5 ring of evasion (left hand)
 t - a ring of protection from cold
 z - a +6 ring of strength
 M - a ring of fire
 N - a ring of flight
 T - a ring of see invisible
 U - an amulet of regeneration (around neck)
 X - a ring of resist corrosion
Wands
 a - a wand of digging (10)
 r - a wand of mindburst (17)
 u - a wand of roots (76)
 J - a wand of polymorph (7)
 Y - a wand of flame (6)
Scrolls
 g - 7 scrolls of teleportation
 j - 2 scrolls of noise
 m - a scroll of brand weapon
 o - a scroll of fear
 v - 3 scrolls of magic mapping
 E - 3 scrolls of enchant armour
 H - a scroll of butterflies
 P - a scroll of silence
 S - 11 scrolls of identify
 W - 2 scrolls of fog
Potions
 b - 5 potions of invisibility
 h - 2 potions of magic
 i - 4 potions of might
 l - 5 potions of mutation
 s - 9 potions of haste
 w - 3 potions of resistance
 x - 4 potions of heal wounds
 A - 2 potions of ambrosia
 B - 2 potions of flight
 I - 4 potions of cancellation
 Z - a potion of curing


   Skills:
 + Level 20.0 Fighting
 + Level 18.3 Axes
 - Level 5.0 Ranged Weapons
 + Level 13.3 Armour
 - Level 2.1 Dodging


You had 16 spell levels left.
You didn't know any spells.
Your spell library was empty.

Dungeon Overview and Level Annotations

Branches:
Dungeon (15/15)            Temple (0/1) D:7            Lair (5/5) D:11
  Swamp (3/4) Lair:3       Spider (4/4) Lair:2        Slime (0/5) Lair:4
    Orc (2/2) D:11            Elf (0/3) Orc:2        Vaults (0/5) D:13
 Depths (0/4) D:15        Ossuary (visited)           IceCv (visited)

Altars:
Ashenzari
Fedhas
Gozag
Hepliaklqana
Kikubaaqudgha
Makhleb
Okawaru
Qazlal
Ru
Trog
Wu Jian
Yredelemnul
Jiyva

Shops:
D:6 *?   D:7 *   D:15 (   Orc:1 !(?(   Orc:2 *[*(

Portals:
Trove: D:13 (give horn of Geryon)

Annotations:
D:4 1 transporter, sirJeffrey23's ghost, novice BaHu
Spider:3 Arachne
Spider:4 Louise


Innate Abilities, Weirdness & Mutations

A powerful demonic guardian rushes to your aid.
You frequently emit foul miasma when damaged in melee.
You have an extremely huge brain. (Int +4)
Your touch may irresistibly damage your foes and sap their willpower.


Message History

Arachne hits you with a staff of poison!!
Arachne envenoms you!!
You are poisoned.
The redback misses you.
Arachne hits you with a staff of poison.
Arachne envenoms you!
You are more poisoned.
You slice Arachne!! You burn Arachne!
Arachne is moderately wounded.
You closely miss the redback.
You feel sick.
Arachne hits you with a staff of poison!!
* * * LOW HITPOINT WARNING * * *
Arachne envenoms you.
* * * LOW HITPOINT WARNING * * *
You are more poisoned.
You slice Arachne!! You burn Arachne.
Arachne is moderately wounded.
You closely miss the redback.
You feel sick. The redback completely misses you.
Arachne's staff shoots out a stream of webbing.
The stream of webbing hits you but does no damage.
You are caught in a web!
Unknown command.
The jumping spider pounces on you but does no damage.
The jumping spider bites you but does no damage.
The redback completely misses you.
Arachne hits you with a staff of poison!
* * * LOW HITPOINT WARNING * * *
A demonic guardian appears!
Arachne envenoms you!!
* * * LOW HITPOINT WARNING * * *
You are more poisoned.
You barely miss the jumping spider.
The jumping spider is moderately wounded.
You closely miss the redback. You slice Arachne!! You burn Arachne!
You feel sick. The jumping spider barely misses you.
The jumping spider bites you but does no damage.
The redback misses you.
Arachne hits you with a staff of poison!
* * * LOW HITPOINT WARNING * * *
Arachne envenoms you!!
You die...

### ### #.## ####.###
##..## #.^...^### #....###
#.2......### #### #......#
#@H........####..^
#......###ss...####)†......
#..........##### ###..####
#..[.....### ####...#
#........# ##.....##
#........# #.....##
#........# #....##
#........# #####....#
##......####........##


You could see Arachne (ally target), a jumping spider (poisoned), a redback and
a friendly cacodemon (summoned).

Vanquished Creatures
  An emperor scorpion (Spider:1)
  An ironbound preserver (D:13)
  2 broodmothers
  2 very ugly things (IceCv)
  Nessos (Lair:3)
  3 eleionomae
  A spark wasp (Spider:2)
  6 bunyips
  4 entropy weavers
  A shambling mangrove (Swamp:3)
  A fire dragon (D:15)
  An ice dragon (D:15)
  21 hydras
  An ogre mage (Orc:2)
  3 catoblepae
  A ghost crab (Swamp:1)
  A jorogumo (Spider:1)
  6 two-headed ogres
  5 alligators
  8 centaur warriors
  7 death yaks
  5 boulder beetles
  A skyshark (Lair:5)
  A fire crab (Lair:2)
  3 pharaoh ants
  2 deep trolls (Orc:2)
  10 swamp dragons
  3 goliath frogs
  4 bog bodies
  3 orb spiders
  2 steelbarb worms
  2 orc sorcerers (Orc:1)
  5 deep elf pyromancers
  2 manticores
  A salamander (shapeshifter) (D:15)
  14 wolf spiders
  A will-o-the-wisp (Swamp:2)
  2 moths of wrath
  8 cyclopes
  7 elephants
  8 ugly things
  3 black mambas
  3 demonic crawlers (Spider:1)
  4 torpor snails
  Psyche (D:8)
  3 unseen horrors
  10 cane toads
  2 efreet (D:15)
  A kobold demonologist (D:13)
  4 komodo dragons
  3 anaconda simulacra
  2 freezing wraiths (IceCv)
  A tengu conjurer (D:15)
  6 trolls
  4 polar bears (Lair:5)
  4 tyrant leeches
  9 meliai (Spider:3)
  15 tarantellas
  3 dream sheep
  10 hornets
  9 blink frogs
  Sigmund (D:4)
  12 slime creatures
  3 shadows
  12 culicivoras
  19 spriggans
  21 jumping spiders
  2 vampires
  19 yaks
  4 wyverns
  4 basilisks
  3 dire elephant simulacra
  An unseen horror simulacrum (D:9)
  A steam dragon (Lair:4)
  2 minotaur simulacra (Swamp:3)
  41 redbacks
  3 vampire mosquitoes (D:13)
  7 wargs
  13 swamp worms
  15 water moccasins
  Duvessa (D:7)
  Edmund (D:5)
  An acid dragon (D:12)
  15 orc warriors
  4 swamp drakes
  3 ice beasts
  A sky beast (D:7)
  4 black bears
  31 wolves
  4 boggarts (Lair:5)
  21 ogres
  14 centaurs
  A phantom (D:5)
  Blork the orc (D:6)
  9 bullfrogs
  5 necrophages (D:5)
  A gnoll sergeant (D:12)
  A scorpion (shapeshifter) (D:13)
  A deep troll simulacrum (Swamp:3)
  2 scorpions
  3 wights
  Dowan (D:7)
  15 killer bees
  2 lindwurm simulacra
  3 howler monkeys
  5 electric eels
  2 hounds
  2 gnoll boudas
  12 orc priests
  3 jellies
  26 orc wizards
  A scorpion zombie (D:5)
  A sleepcap (D:7)
  4 iguanas
  8 mummies (Ossuary)
  11 adders
  12 gnolls
  4 river rats (D:5)
  3 shadow imps
  A white imp (D:5)
  2 ufetubi
  3 worms
  A dart slug (D:3)
  64 orcs
  9 endoplasms
  2 giant cockroaches
  4 goblins
  6 hobgoblins
  4 jackals
  5 quokkas
  8 ball pythons
  9 bats
  7 frilled lizards
  4 hobgoblin zombies (Ossuary)
  8 kobolds
  A kobold zombie (Ossuary)
  3 orc zombies (Ossuary)
  8 rats
829 creatures vanquished.

Vanquished Creatures (collateral kills)
  A fenstrider witch (Swamp:3)
  A broodmother (Spider:3)
  A hydra (D:10)
  A caustic shrike simulacrum (IceCv)
  An ogre mage (Orc:2)
  5 two-headed ogres (Orc:2)
  3 boulder beetles
  3 spriggans
  A goliath frog (Swamp:2)
  A slime creature (D:14)
  2 orb spiders (Spider:2)
  An orange crystal statue (IceCv)
  A manticore (D:14)
  2 wolf spiders (Spider:1)
  A moth of wrath (Spider:2)
  A demonic crawler (Spider:2)
  A cane toad (Lair:1)
  A komodo dragon (Lair:3)
  4 trolls
  A tarantella (Spider:2)
  Grinder (D:6)
  3 hornets
  A tyrant leech (Swamp:2)
  A blink frog (Lair:5)
  6 jumping spiders
  A centaur simulacrum (D:15)
  A shadow (D:10)
  6 culicivoras
  A warg (Orc:1)
  4 redbacks
  4 swamp worms
  A harpy simulacrum (IceCv)
  A water moccasin (D:6)
  A swamp drake (Swamp:3)
  An orc warrior (Orc:1)
  An ettin simulacrum (IceCv)
  2 centaurs (D:13)
  A wolf (Lair:2)
  A gnoll sergeant (D:8)
  2 lindwurm simulacra (IceCv)
  An orc priest (D:7)
  2 orc wizards
  3 gnolls (D:8)
  A white imp (D:7)
  2 orcs
82 creatures vanquished.

Vanquished Creatures (others)
  A hydra (Lair:2)
  An alligator (Swamp:2)
  A bloated husk (Swamp:1)
  2 jumping spiders
  A culicivora (Spider:1)
  An orc (Orc:1)
  2 bushes (D:5)
  2 foxfires (Swamp:2)
  47 fungi
  76 plants
  31 withered plants (Lair:4)
165 creatures vanquished.

Grand Total: 1076 creatures vanquished

Notes
Turn   | Place    | Note
-------+----------+-------------------------------------------
     0 | D:1      | OrthodoxDeviant the Demonspawn Berserker began the quest
                  | for the Orb.
     0 | D:1      | Reached XP level 1. HP: 18/18 MP: 1/1
   213 | D:1      | Gained mutation: Your touch may inflict minor irresistible
                  | damage on your foes. [demonic ancestry]
   213 | D:1      | Reached XP level 2. HP: 19/24 MP: 2/2
   936 | D:2      | Gained mutation: You may rarely emit foul miasma when
                  | damaged in melee. [demonic ancestry]
   936 | D:2      | Reached XP level 3. HP: 29/29 MP: 3/3
  1361 | D:2      | Found a sacrificial altar of Ru.
  1711 | D:2      | Reached skill level 4 in Fighting
  1738 | D:2      | Gained mutation: A weak demonic guardian rushes to your
                  | aid. [demonic ancestry]
  1738 | D:2      | Reached XP level 4. HP: 37/37 MP: 4/4
  2101 | D:3      | Reached ** piety under Trog
  2200 | D:3      | Found a sacrificial altar of Ru.
  2371 | D:2      | Gained mutation: You have an unusually large brain. (Int
                  | +2) [demonic ancestry]
  2371 | D:2      | Reached XP level 5. HP: 12/43 MP: 5/5
  3102 | D:4      | Found a transporter.
  3103 | D:4      | Found a transporter.
  3140 | D:4      | Reached skill level 5 in Fighting
  3185 | D:4      | Noticed Sigmund
  3193 | D:4      | Killed Sigmund
  3194 | D:4      | Reached skill level 5 in Axes
  3194 | D:4      | Reached XP level 6. HP: 51/51 MP: 6/6
  3403 | D:4      | Found an ancient bone altar of Kikubaaqudgha.
  3502 | D:4      | Noticed sirJeffrey23's ghost (novice BaHu)
  3602 | D:4      | Reached skill level 6 in Fighting
  3602 | D:4      | Gained mutation: A demonic guardian rushes to your aid.
                  | [demonic ancestry]
  3602 | D:4      | Reached XP level 7. HP: 28/58 MP: 7/7
  3733 | D:5      | Entered Level 5 of the Dungeon
  3804 | D:5      | Found a sand-covered staircase.
  3811 | D:5      | Noticed Edmund
  3821 | Ossuary  | Entered an ossuary
  3864 | Ossuary  | Reached *** piety under Trog
  4258 | D:5      | Killed Edmund
  4322 | D:5      | Found a blossoming altar of Fedhas.
  4665 | D:5      | Reached skill level 7 in Fighting
  4712 | D:5      | Found an ornate altar of the Wu Jian Council.
  4723 | D:5      | Reached XP level 8. HP: 36/67 MP: 8/8
  4989 | D:5      | Found a broken altar of Ashenzari.
  5645 | D:5      | Reached skill level 8 in Fighting
  5751 | D:6      | Found Pismippi's Overcharged Wands.
  5985 | D:6      | Identified the +3 mace "Megixack" {venom, rF+ Stlth+}
  6084 | D:6      | Noticed Blork the orc
  6089 | D:6      | Killed Blork the orc
  6198 | D:6      | Noticed Grinder
  6224 | D:6      | Killed Grinder
  6225 | D:6      | Reached skill level 9 in Fighting
  6225 | D:6      | Gained mutation: You sometimes emit foul miasma when
                  | damaged in melee. [demonic ancestry]
  6225 | D:6      | Reached XP level 9. HP: 29/76 MP: 9/9
  6480 | D:6      | Noticed a moth of wrath
  6485 | D:6      | Found a bloodstained altar of Trog.
  6633 | D:6      | Found Rogiwud's Magic Scroll Shoppe.
  6642 | D:6      | Bought a scroll of teleportation for 39 gold pieces
  6642 | D:6      | Bought a scroll of identify for 26 gold pieces
  6982 | D:6      | Reached **** piety under Trog
  7429 | D:7      | Noticed Dowan
  7472 | D:7      | Killed Dowan
  7497 | D:7      | Noticed Duvessa
  7505 | D:7      | Killed Duvessa
  7984 | D:7      | Found a staircase to the Ecumenical Temple.
  7989 | D:7      | Found Ekyarch's Assorted Antiques.
  7998 | D:7      | Bought a glowing broad axe for 224 gold pieces
  7998 | D:7      | Bought a glowing chain mail for 240 gold pieces
  8214 | D:7      | Found a basalt altar of Yredelemnul.
  8344 | D:8      | Reached skill level 10 in Fighting
  8614 | D:8      | Noticed a centaur warrior
  8620 | D:8      | Killed a centaur warrior
  8816 | D:8      | Noticed a two-headed ogre
  8828 | D:8      | Killed a two-headed ogre
  8829 | D:8      | Reached skill level 10 in Axes
  8829 | D:8      | Gained mutation: A powerful demonic guardian rushes to your
                  | aid. [demonic ancestry]
  8829 | D:8      | Reached XP level 10. HP: 47/86 MP: 10/10
  9046 | D:8      | Reached skill level 11 in Fighting
  9699 | D:8      | Noticed Psyche
 10066 | D:8      | Killed Psyche
 10977 | D:9      | Found a hazy altar of Hepliaklqana.
 11274 | D:9      | Noticed a two-headed ogre
 11277 | D:9      | Killed a two-headed ogre
 11278 | D:9      | Reached skill level 12 in Fighting
 11563 | D:10     | Entered Level 10 of the Dungeon
 12104 | D:10     | Noticed a seven-headed hydra
 12177 | D:10     | Noticed a two-headed ogre
 12182 | D:10     | Killed a two-headed ogre
 12183 | D:10     | Reached XP level 11. HP: 96/96 MP: 11/11
 12212 | D:10     | Identified the +8 chain mail of the Shrike {rCorr Dex+4}
 12386 | D:10     | Killed a five-headed hydra
 12593 | D:10     | Found an iron altar of Okawaru.
 12716 | D:10     | Found a burning altar of Makhleb.
 12970 | D:11     | Found a staircase to the Lair.
 13190 | D:11     | Noticed a white ugly thing
 13190 | D:11     | Noticed a brown ugly thing
 13219 | D:11     | Killed a white ugly thing
 13229 | D:11     | Killed a brown ugly thing
 13230 | D:11     | Reached skill level 13 in Fighting
 13522 | D:11     | Noticed a boulder beetle
 13533 | D:11     | Killed a boulder beetle
 13561 | D:11     | Noticed a brown ugly thing
 13567 | D:11     | Noticed a deep elf pyromancer
 13799 | D:11     | Killed a deep elf pyromancer
 13958 | D:11     | Found a staircase to the Orcish Mines.
 13963 | D:11     | Reached ***** piety under Trog
 14871 | D:11     | Killed a brown ugly thing
 14987 | Lair:1   | Entered Level 1 of the Lair of Beasts
 15173 | Lair:1   | Reached skill level 14 in Fighting
 15525 | Lair:1   | Reached XP level 12. HP: 107/107 MP: 12/12
 16730 | Lair:2   | Noticed a four-headed hydra
 16743 | Lair:2   | Killed a one-headed hydra
 16930 | Lair:2   | Noticed a death yak
 16957 | Lair:2   | Killed a death yak
 16958 | Lair:2   | Reached skill level 15 in Fighting
 17037 | Lair:2   | Noticed a six-headed hydra
 17068 | Lair:2   | Killed a three-headed hydra
 18034 | Lair:2   | Found a hole to the Spider Nest.
 18470 | Lair:3   | Noticed Nessos
 18483 | Lair:3   | Killed Nessos
 18770 | Lair:3   | Noticed a seven-headed hydra
 18778 | Lair:3   | Killed a four-headed hydra
 18779 | Lair:3   | Gained mutation: Your touch may inflict irresistible damage
                  | on your foes. [demonic ancestry]
 18779 | Lair:3   | Reached XP level 13. HP: 108/117 MP: 13/13
 18984 | Lair:3   | Identified the +2 battleaxe "Doicymp" {heavy, rC+ rCorr
                  | Stlth+} (Trog gifted it to you on level 3 of the Lair of
                  | Beasts)
 18984 | Lair:3   | Received a gift from Trog
 19044 | Lair:3   | Reached skill level 16 in Fighting
 19202 | Lair:3   | Found a staircase to the Swamp.
 19452 | Lair:4   | Found a viscous altar of Jiyva.
 19453 | Lair:4   | Found a staircase to the Slime Pits.
 19476 | Lair:4   | Reached skill level 15 in Axes
 20448 | Lair:5   | Entered Level 5 of the Lair of Beasts
 20881 | Lair:5   | Reached skill level 17 in Fighting
 21243 | Lair:5   | Reached XP level 14. HP: 63/128 MP: 14/14
 21263 | Lair:5   | Paralysed by a hornet for 3 turns
 22406 | Lair:5   | Upgraded the game from 0.30-a0-996-ga6910c8ee8 to
                  | 0.30-a0-1008-g30c9307041
 22735 | D:12     | Reached skill level 5 in Armour
 23196 | D:12     | Reached ****** piety under Trog
 23702 | D:13     | Received a gift from Trog
 23929 | D:13     | Found a gate to the Vaults.
 23929 | D:13     | Noticed an ironbound preserver
 23939 | D:13     | Killed an ironbound preserver
 24055 | D:13     | Found a portal to a secret trove of treasure.
 24573 | D:14     | Found an opulent altar of Gozag.
 24574 | D:14     | Found an opulent altar of Gozag.
 24577 | D:14     | Found an opulent altar of Gozag.
 24587 | D:14     | Found an opulent altar of Gozag.
 25319 | D:15     | Entered Level 15 of the Dungeon
 25372 | D:15     | Found Tyvy's Antique Weapon Boutique.
 25761 | D:15     | Received a gift from Trog
 25762 | D:15     | Reached skill level 18 in Fighting
 26030 | D:15     | Gained mutation: Your touch may irresistibly damage your
                  | foes and sap their willpower. [demonic ancestry]
 26030 | D:15     | Reached XP level 15. HP: 85/136 MP: 15/15
 26075 | D:15     | Found a staircase to the Depths.
 26403 | Orc:1    | Entered Level 1 of the Orcish Mines
 26409 | Orc:1    | Paralysed by an orc sorcerer for 3 turns
 26487 | Orc:1    | Found Duwoloj's Weapon Shop.
 26521 | Orc:1    | Found Ixonitz's Distillery.
 26637 | Orc:1    | Found Cotema Xaym's Magic Scroll Shoppe.
 26684 | Orc:1    | Bought a scroll of identify for 20 gold pieces
 26684 | Orc:1    | Bought a scroll of silence for 95 gold pieces
 26909 | Orc:2    | Entered Level 2 of the Orcish Mines
 26924 | Orc:2    | Received a gift from Trog
 27059 | Orc:2    | Found Ritwos's Armour Boutique.
 27178 | Orc:2    | Found Miziso's Weapon Emporium.
 27180 | Orc:2    | Found a staircase to the Elven Halls.
 27188 | Orc:2    | Found Xedesk's General Store.
 27189 | Orc:2    | Found Raill's General Store.
 27518 | Orc:2    | Bought 3 silver javelins for 351 gold pieces
 27524 | Orc:2    | Bought a throwing net for 39 gold pieces
 27537 | Orc:1    | Found Ykefo's Antique Weapon Shoppe.
 27569 | Orc:1    | Bought a brightly glowing longbow for 299 gold pieces
 27569 | Orc:1    | Identified the +5 longbow of the Crypt {drain, rC- Will+++
                  | Dex+4} (You bought it in a shop on level 1 of the Orcish
                  | Mines)
 27933 | Spider:1 | Entered Level 1 of the Spider Nest
 27949 | Spider:1 | Reached skill level 10 in Armour
 27962 | Spider:1 | Reached skill level 1 in Ranged Weapons
 28119 | Swamp:1  | Entered Level 1 of the Swamp
 28454 | Swamp:1  | Received a gift from Trog
 29202 | Swamp:1  | Reached skill level 5 in Ranged Weapons
 29226 | Swamp:1  | Identified the +1 leather armour "Sishru Jehin" {rPois rC-
                  | rN+ Int+2}
 29505 | Swamp:2  | Gained mutation: You frequently emit foul miasma when
                  | damaged in melee. [demonic ancestry]
 29505 | Swamp:2  | Reached XP level 16. HP: 54/145 MP: 16/16
 30343 | Swamp:2  | Received a gift from Trog
 30515 | Swamp:3  | Found a frozen archway.
 30632 | IceCv    | Entered an ice cave
 30639 | IceCv    | Reached skill level 19 in Fighting
 30699 | IceCv    | Found a transporter.
 30731 | IceCv    | Found a transporter.
 31039 | Swamp:3  | Found a stormy altar of Qazlal.
 31085 | Swamp:3  | Paralysed by a fenstrider witch for 3 turns
 31091 | Swamp:3  | HP: 7/146 [poison]
 31470 | Spider:1 | You fall into a shaft and drop 1 floor!
 31480 | Spider:2 | Received a gift from Trog
 33147 | Spider:2 | Upgraded the game from 0.30-a0-1008-g30c9307041 to
                  | 0.30-a0-1016-gfb0d676c02
 33489 | Spider:2 | Gained mutation: You have an extremely huge brain. (Int +4)
                  | [demonic ancestry]
 33489 | Spider:2 | Reached XP level 17. HP: 140/154 MP: 17/17
 34865 | Spider:3 | Identified the +4 glaive "Ciddy" {flame, rF+} (Trog gifted
                  | it to you on level 3 of the Spider Nest)
 34865 | Spider:3 | Received a gift from Trog
 35195 | Spider:4 | Entered Level 4 of the Spider Nest
 35236 | Spider:3 | Reached skill level 20 in Fighting
 35318 | Spider:4 | Noticed Louise
 35362 | Spider:4 | Noticed Arachne
 35433 | Spider:3 | HP: 7/232 [Arachne/staff of poison (17)]
 35433 | Spider:3 | Demolished by Arachne

Illustrated notes

Levels and vault maps discovered:
D:1:      dpeg_cavernosity, layout_basic
D:2:      layout_rooms, basic_altar
D:3:      minmay_evil_eye, layout_rooms, nicolae_overflow_crystal_walls,
          mainiacjoe_overflow_small_starburst
D:4:      layout_cave_pools, kennysheep_mini_moat,
          gammafunk_ghost_gnarly_gnolls, uniq_sigmund
D:5:      wad_woods_stonehenge, layout_basic, fedhas_altar_decomposition,
          nicolae_ashenzari_skybound, nicolae_ossuary_entry_monument,
          kennysheep_dice, uniq_edmund
D:6:      layout_loops_cross, tgw_trog, serial_shops, nicolae_lakefront_shop,
          nicolae_shop_overcharged_wands, uniq_grinder, uniq_blork_the_orc
D:7:      layout_basic, kennysheep_ying_yang, minmay_temple_entry_slanted,
          serial_shops, shop, uniq_duvessa
D:8:      layout_basic, hangedman_decor_clover_reticule, minivault_11,
          minmay_misc_feat_diagonals, minmay_chambers_of_fives, uniq_psyche
D:9:      wad_cavern_with_rooms, layout_irregular_city,
          nzn_hepliaklqana_mist_gate
D:10:     layout_gridville, okawaru_gym_becter, lightli_temple_of_fire
D:11:     kennysheep_blocky_room, layout_long_grid, erik_lair_orcish_takeover,
          roderic_lattice_a, minmay_misc_feat_enclosed
D:12:     layout_gridville
D:13:     layout_irregular_city, skrybe_vaults_entry_preservation,
          nicolae_trove_entry_free_sample
D:14:     layout_gridville, nicolae_gozag_conspicuous_consumption,
          grunt_ministairs_10, small_statue_intersection
D:15:     grunt_enter_depths_hoard, layout_irregular_city, serial_shops,
          nicolae_shop_waterfront
Lair:1:   layout_chaotic_city
Lair:2:   nzn_winding_woodlands_three_and_one
          [nzn_winding_woodlands_5x15_concentric,
          nzn_winding_woodlands_5x15_pathside_ponds,
          nzn_winding_woodlands_5x15_river_crossing,
          nzn_winding_woodlands_center_triple_pond], layout_misc_corridors,
          spider_nest_entry_funnel_web, serial_bayou_pond_a
Lair:3:   layout_hall_layers, palyth_hydra_swamp_entry,
          infiniplex_staircase_pool, grunt_megastairs_3, uniq_nessos
Lair:4:   layout_small_grid, slime_entry_1, pdpol_lair_neglected_garden,
          lemuel_fruit_fields, lemuel_fruit_fields
Lair:5:   minmay_lair_end_enchanted_forest, layout_hall_layers
Swamp:1:  layout_basic_swamp, evilmike_swamp_ruin_rubble_1, st_swamp_ruins_4,
          infiniplex_staircase_pool_2
Swamp:2:  nicolae_swamp_secret_spriggan_hideout, layout_basic_swamp,
          hangedman_swamp_pad
Swamp:3:  layout_falls_marsh, portal_ice_cave_entry_ice_simulacra,
          lemuel_altar_in_water
Spider:1: layout_chambers, nicolae_spider_wall_of_niches
Spider:2: layout_spider_delve
Spider:3: layout_cave_pods
Spider:4: grunt_spider_rune_circles, uniq_arachne, uniq_louise, uniq_nikola
Orc:1:    layout_caves, serial_shops, shop, nicolae_shop_trees, shop, shop,
          nooodl_orcs_dogs
Orc:2:    st_orc_open, layout_caves

Skill      XL: |  1  2  3  4  5  6  7  8  9 10 11 12 13 14 15 16 17 |
---------------+----------------------------------------------------+-----
Axes           | 3 4 5 6 8 10 11 13 14 15 16 17 18 | 18.3
Fighting       | 4 5 6 7 9 10 12 14 15 17 18 19 20 | 20.0
Armour         | 4 8 11 12 13 | 13.3
Dodging        | 2 |  2.1
Ranged Weapons | 5 |  5.0

Action                     |  1- 3 |  4- 6 |  7- 9 | 10-12 | 13-15 | 16-18 || total
---------------------------+-------+-------+-------+-------+-------+-------++-------
  Melee: Hand axe          |    91 |   152 |   239 |       |       |       ||   482
         Touch             |    11 |    21 |    61 |    86 |    14 |       ||   193
         Punch             |       |       |     3 |     9 |     1 |       ||    13
         War axe           |       |       |    44 |       |       |       ||    44
         Broad axe         |       |       |    25 |   408 |    54 |       ||   487
         Unarmed           |       |       |       |     2 |       |       ||     2
         Battleaxe         |       |       |       |       |   640 |    79 ||   719
         Executioner's axe |       |       |       |       |   147 |   394 ||   541
   Fire: Longbow           |       |       |       |       |     1 |       ||     1
  Throw: Throwing net      |       |       |       |     1 |       |       ||     1
         Boomerang         |       |       |       |     6 |    11 |     5 ||    22
 Invoke: Berserk           |     1 |     2 |     8 |    12 |     4 |     5 ||    32
         Brothers in Arms  |       |       |       |       |     2 |     4 ||     6
         Trog's Hand       |       |       |       |       |       |     1 ||     1
  Evoke: Wand              |       |     1 |     5 |     2 |     1 |       ||     9
    Use: Scroll            |     3 |       |    13 |    17 |    18 |     6 ||    57
         Potion            |       |       |     1 |     3 |     4 |     8 ||    16
   Stab: Sleeping          |     1 |       |       |       |       |       ||     1
         Petrified         |       |       |       |       |     4 |       ||     4
         Distracted        |       |       |       |       |     2 |     1 ||     3
 Armour: Animal skin       |    21 |       |       |       |       |       ||    21
         Leather armour    |     4 |       |       |       |       |    12 ||    16
         Ring mail         |     1 |    46 |       |       |       |       ||    47
         Chain mail        |       |    37 |   128 |   244 |   657 |    66 ||  1132
         Swamp dragon scal |       |       |       |       |    35 |   222 ||   257
  Dodge: Dodged            |    56 |    84 |    88 |   173 |   725 |   703 ||  1829

Table legend: (Time is in decaauts)
 A = Elapsed time spent in this place.
 B = Non-inter-level travel time spent in this place.
 C = Inter-level travel time spent in this place.
 D = Time resting spent in this place.
 E = Time spent auto-exploring this place.
 F = Levels seen in this place.
 G = Mean time per level.
                   A        B        C        D        E       F      G
               +--------+--------+--------+--------+--------+-----+--------+
         Total |  36223 |  32101 |   4122 |   5864 |  19712 |  31 | 1168.5 |
       Dungeon |  18985 |  16671 |   2314 |   2962 |  10874 |  15 | 1265.7 |
          Lair |   7883 |   6947 |    936 |   1165 |   4364 |   5 | 1576.6 |
         Swamp |   3068 |   2772 |    296 |    824 |   1175 |   3 | 1022.7 |
   Spider Nest |   4149 |   3721 |    428 |    555 |   2246 |   4 | 1037.2 |
  Orcish Mines |   1406 |   1261 |    145 |      0 |    912 |   2 |  703.0 |
       Ossuary |    450 |    450 |      0 |    232 |    116 |   1 |  450.0 |
      Ice Cave |    279 |    279 |      0 |    124 |     23 |   1 |  279.0 |
               +--------+--------+--------+--------+--------+-----+--------+

Top non-repeatable levels by time:
  Lair:2: 2435 daAuts
    D:11: 2297 daAuts
     D:8: 2036 daAuts
  Lair:5: 1955 daAuts
     D:5: 1743 daAuts
Spider:1: 1741 daAuts
 Swamp:1: 1594 daAuts
    D:10: 1535 daAuts
     D:6: 1473 daAuts
Spider:3: 1458 daAuts
     D:9: 1329 daAuts
  Lair:4: 1300 daAuts
  Lair:1: 1178 daAuts
     D:1: 1142 daAuts
 Swamp:2: 1130 daAuts
